 Dungeon Crawl Stone Soup version 0.20.1-1-g8b1a95d (webtiles) character file.

707 tognito the Cleaver (level 7, -4/85 HPs)
             Began as a Minotaur Berserker on July 3, 2017.
             Was a Priest of Trog.
             Slain by a cyclops (26 damage)
             ... on level 5 of the Dungeon.
             The game lasted 00:06:20 (3114 turns).

tognito the Cleaver (Minotaur Berserker)            Turns: 3114, Time: 00:06:21

Health: -4/85      AC: 13    Str: 29    XL:     7   Next: 39%
Magic:  6/6        EV:  9    Int:  4    God:    Trog [***...]
Gold:   335        SH:  0    Dex:  9    Spells: 6/6 levels left

rFire    x . .     SeeInvis .   a - +0 hand axe
rCold    + + +     Gourm    .   (no shield)
rNeg     . . .     Faith    .   r - +0 chain mail (curse)
rPois    .         Spirit   .   (helmet restricted)
rElec    .         Reflect  .   (no cloak)
rCorr    .         Harm     .   f - +2 pair of gloves
MR       .....                  (no boots)
Stlth    ..........             h - amulet of regeneration
Regen    0.7/turn               j - ring of protection from cold
MPRegen  0.1/turn               o - ring of ice

@: berserking, very quick
A: retaliatory headbutt, horns 2, thin metallic scales 1, cold resistance 1
a: Berserk, Trog's Hand, Burn Spellbooks, Renounce Religion


You were on level 5 of the Dungeon.
You worshipped Trog.
Trog was most pleased with you.
You were very hungry.

You visited 1 branch of the dungeon, and saw 5 of its levels.

You collected 335 gold pieces.

Inventory:

Hand Weapons
 a - a +0 hand axe (weapon)
Missiles
 d - 17 bolts
 i - 62 arrows
Armour
 f - a +2 pair of gloves (worn)
 r - a cursed +0 chain mail (worn)
Jewellery
 h - an amulet of regeneration (around neck)
 j - a ring of protection from cold (left hand)
 o - a ring of ice (right hand)
Wands
 w - a wand of lightning (11/15)
Scrolls
 b - a scroll of amnesia {unknown}
 e - 2 scrolls of teleportation {unknown}
 g - 6 scrolls of identify {unknown}
 k - 2 scrolls of magic mapping {unknown}
 l - a scroll of fog {unknown}
 m - 3 scrolls of enchant weapon {unknown}
 s - 4 scrolls of remove curse {unknown}
 v - a scroll of noise {unknown}
Potions
 t - a potion of haste
 u - a potion of curing
Comestibles
 c - 5 bread rations
 n - a fruit
 p - 3 meat rations
 q - 3 royal jellies


   Skills:
 - Level 3.6 Fighting
 + Level 10.3 Axes
 - Level 2.4 Armour
 - Level 2.1 Dodging


You had 6 spell levels left.
You didn't know any spells.

Dungeon Overview and Level Annotations

Branches:
Dungeon (5/15)             Temple (0/1) D:5

Altars:
Ashenzari
Dithmenos
Fedhas
Gozag
Kikubaaqudgha
Okawaru
Trog
Vehumet
The Shining One

Annotations:
D:5 1 transporter


Innate Abilities, Weirdness & Mutations

You reflexively headbutt those who attack you in melee.
You have a pair of horns on your head.
You are partially covered in thin metallic scales. (AC +2)
Your flesh is cold resistant. (rC+)


Message History

You hit the cyclops.
The cyclops is moderately wounded.
Your chain mail prevents you from hitting the troll.
The troll closely misses you. You furiously retaliate!
You headbutt the troll. The troll barely misses you. The troll claws you.
You are too injured to fight recklessly!
You are too injured to fight recklessly!
You slash the cyclops! You headbutt the cyclops.
The cyclops is heavily wounded.
You barely miss the troll. The cyclops hits you! The troll barely misses you.
The troll claws you.
* * * LOW HITPOINT WARNING * * *
The troll barely misses you.
A red film seems to cover your vision as you go berserk!
You feel yourself moving faster!
You feel mighty!
You are feeling very hungry.
The troll bites you.
* * * LOW HITPOINT WARNING * * *
The troll claws you but does no damage. x2; The cyclops hits you!!
You die...

#.# ##..#... #.#
#......# #.###.#.##.#
############.##....##.#
................©.....##
##########..#########..#
#.##8.....8##.#
#.#...CT....#.# ##
#.#...†@....#.# .#
#.#.........#.# .#
#.#........©#.# .#
#.#.........#.#
.#########.#...$.....#.#
...........#..([$!%..#.#
...........##8$_(_$8##.#
##########..#########..#
# #............##


You could see a cyclops and a troll.

Vanquished Creatures
  A water moccasin (D:5)
  2 ogres (D:5)
  A scorpion (D:5)
  A bullfrog zombie (D:5)
  2 hounds
  An orc priest (D:4)
  An iguana (D:4)
  2 orc wizards
  A worker ant (D:5)
  4 adders
  A howler monkey skeleton (D:5)
  A shadow imp (D:5)
  2 worms
  6 dart slugs
  4 leopard geckos
  17 orcs
  7 bats
  6 giant cockroaches
  3 goblins
  5 hobgoblins
  4 quokkas
  2 ball pythons
  3 frilled lizards
  6 kobolds
  4 rats
87 creatures vanquished.

Notes
Turn   | Place    | Note
-------+----------+-------------------------------------------
     0 | D:1      | tognito the Minotaur Berserker began the quest for the Orb.
     0 | D:1      | Reached XP level 1. HP: 19/19 MP: 0/0
    27 | D:1      | Reached skill level 4 in Axes
    32 | D:1      | Reached XP level 2. HP: 25/26 MP: 1/1
   376 | D:1      | Reached ** piety under Trog
   376 | D:1      | Reached skill level 5 in Axes
   534 | D:1      | Reached XP level 3. HP: 31/31 MP: 2/2
   791 | D:2      | Found a shattered altar of Ashenzari.
   862 | D:2      | Found a radiant altar of Vehumet.
  1115 | D:3      | Reached XP level 4. HP: 32/39 MP: 3/3
  1216 | D:3      | Reached skill level 6 in Axes
  1419 | D:3      | Found an ancient bone altar of Kikubaaqudgha.
  1424 | D:3      | Found a blossoming altar of Fedhas.
  2109 | D:4      | Reached skill level 7 in Axes
  2109 | D:4      | Reached XP level 5. HP: 35/45 MP: 4/4
  2265 | D:4      | Reached skill level 8 in Axes
  2270 | D:4      | Reached XP level 6. HP: 44/51 MP: 5/5
  2275 | D:4      | Found a glowing golden altar of the Shining One.
  2389 | D:4      | Found an iron altar of Okawaru.
  2606 | D:5      | Entered Level 5 of the Dungeon
  2661 | D:5      | Reached *** piety under Trog
  2726 | D:5      | Reached skill level 9 in Axes
  2871 | D:5      | Reached XP level 7. HP: 34/57 MP: 6/6
  2926 | D:5      | Found an opulent altar of Gozag.
  2949 | D:5      | Reached skill level 10 in Axes
  3066 | D:5      | Noticed a troll
  3072 | D:5      | Found a bloodstained altar of Trog.
  3072 | D:5      | Noticed a cyclops
  3073 | D:5      | Found a shadowy altar of Dithmenos.
  3074 | D:5      | Found a transporter.
  3083 | D:5      | Found a transporter.
  3089 | D:5      | Found a staircase to the Ecumenical Temple.
  3103 | D:5      | Gained mutation: Your flesh is cold resistant. (rC+) [potion of mutation]
  3103 | D:5      | Gained mutation: You are partially covered in thin metallic scales. (AC +2) [potion of mutation]
  3114 | D:5      | Slain by a cyclops

Skill      XL: |  1  2  3  4  5  6  7 |
---------------+----------------------+-----
Axes           | 4 5 7 8 9 10 | 10.3
Fighting       | |  3.6
Armour         | |  2.4
Dodging        | |  2.1

Action                   |  1- 3 |  4- 6 |  7- 9 || total
-------------------------+-------+-------+-------++-------
Melee: Hand axe          |    75 |   140 |    24 ||   239
       Headbutt          |    15 |    21 |     5 ||    41
Invok: Berserk           |       |       |     1 ||     1
  Use: Potion            |     2 |     1 |     2 ||     5
  Eat: Chunk             |     1 |     5 |     1 ||     7
Armor: Ring mail         |    18 |       |       ||    18
       Chain mail        |       |    67 |    14 ||    81
Dodge: Dodged            |    51 |    51 |    13 ||   115
